 Dungeon Crawl Stone Soup version 0.28-a0-1429-gf3d713df7a (webtiles) character file.

Game seed: 12429741761623281675

1269 bande the Chopper (level 8, -1/48 HPs)
             Began as a Gargoyle Fighter on Jan 9, 2022.
             Was an Initiate of Okawaru.
             Slain by an unseen horror (2 damage)
             ... on level 6 of the Dungeon.
             The game lasted 00:08:58 (7335 turns).

bande the Chopper (Gargoyle Fighter)                Turns: 7335, Time: 00:08:58

Health: -1/48      AC: 15    Str: 21    XL:     8   Next: 53%
Magic:  8/8        EV:  7    Int: 10    God:    Okawaru [......]
Gold:   271        SH: 10    Dex: 11    Spells: 7/7 levels left

rFire   . . .      SeeInvis .   k - +2 broad axe (vorpal)
rCold   . . .      Faith    .   c - +0 buckler
rNeg    + . .      Spirit   .   i - +0 chain mail
rPois   ∞          Reflect  +   (no helmet)
rElec   +          Harm     .   (no cloak)
rCorr   .          Rampage  .   (no gloves)
Will    .....                   (no boots)
Stlth   ..........              f - amulet of reflection
HPRegen 0.16/turn               (no ring)
MPRegen 0.11/turn               (no ring)

@: marked
A: sickness immunity, AC +5, negative energy resistance 1, electricity
resistance, torment resistance 1, petrification resistance, clever 1
a: Renounce Religion


You were on level 6 of the Dungeon.
You worshipped Okawaru.
Okawaru was noncommittal.
You visited 2 branches of the dungeon, and saw 7 of its levels.

You collected 271 gold pieces.

Inventory:

Hand Weapons
 a - a +1 war axe of chaos
 h - a +0 flail
 k - a +2 vorpal broad axe (weapon)
Armour
 c - a +0 buckler (worn)
 i - a +0 chain mail (worn)
Jewellery
 f - an amulet of reflection (around neck)
 o - an amulet of regeneration
Wands
 p - a wand of paralysis (3)
 s - a wand of flame (26)
Scrolls
 b - 4 scrolls of teleportation
 g - 2 scrolls of identify
 l - 2 scrolls of enchant weapon
 n - 3 scrolls of fog
Potions
 d - a potion of might
 e - 2 potions of curing
 j - a potion of heal wounds
 m - a potion of haste
 r - a potion of invisibility


   Skills:
 + Level 4.7 Fighting
 + Level 6.0(6.5) Axes
 * Level 3.8(5.4) Polearms
 + Level 5.6 Armour
 - Level 0.1 Dodging
 + Level 4.7 Shields
 * Level 1.2 Invocations
 * Level 0.7 Evocations


You had 7 spell levels left.
You didn't know any spells.
Your spell library contained the following spells:

 Spells                   Type           Power      Damage    Failure   Level
 Slow                     Hex            0%         N/A       99%         1
 Confusing Touch          Hex            0%         N/A       100%        3
 Portal Projectile        Hex/Tloc       0%         N/A       100%        3
 Vampiric Draining        Necr           0%         2d6       100%        3
 Leda's Liquefaction      Hex/Erth       0%         N/A       100%        4
 Summon Small Mammal      Summ           Unusable   N/A       N/A         1
 Call Canine Familiar     Summ           Unusable   N/A       N/A         3
 Summon Guardian Golem    Hex/Summ       Unusable   N/A       N/A         3

Dungeon Overview and Level Annotations

Branches:
Dungeon (6/15)             Temple (1/1) D:5

Altars:
Ashenzari
Cheibriados
Dithmenos
Elyvilon
Fedhas
Gozag
Hepliaklqana
Kikubaaqudgha
Makhleb
Nemelex Xobeh
Okawaru
Qazlal
Sif Muna
Trog
Uskayaw
Vehumet
Wu Jian
Xom
Yredelemnul
Zin
The Shining One

Shops:
D:4 :


Innate Abilities, Weirdness & Mutations

You are immune to sickness and miasma.
Your stone body is resilient. (AC +5)
You are immune to poison.
You resist negative energy. (rN+)
You are resistant to electric shocks. (rElec)
You are resistant to unholy torment.
You are immune to petrification.
Your mind is acute. (Int +2)


Message History

No target in view!
No target in view!
No target in view!
No target in view!
No target in view!
No target in view!
No target in view!
No target in view!
No target in view!
No target in view!
No target in view!
No target in view!
No target in view!
You barely miss something. Something hits you but does no damage.
Something hits you. Something completely misses you.
Something hits you but does no damage.
You completely miss something. Something hits you.
Something hits you but does no damage. x2
You closely miss something. You block something's attack.
Something hits you but does no damage. Something hits you.
Something hits you but does no damage.
You barely miss something. You block something's attack. Something hits you!
Something hits you but does no damage. x2
You hit something.
Something hits you but does no damage. x2
Something hits you. Something hits you!
You barely miss something. Something hits you.
Something hits you but does no damage. You block something's attack.
Something hits you but does no damage. x2
You closely miss something. Something hits you but does no damage.
Something hits you.
* * * LOW HITPOINT WARNING * * *
Something hits you but does no damage.
You closely miss something. You block something's attack. x2
Something hits you.
* * * LOW HITPOINT WARNING * * *
Something hits you but does no damage.
You hit something. Something hits you but does no damage. Something hits you!
* * * LOW HITPOINT WARNING * * *
Something hits you but does no damage. Something hits you.
You die...

.##.###.....##
#..†....# . #.#
##...##
#.##.##.# # #.#
##+## #. #.##.#
#.# #. #.##.#
..# ###.##...(#
#....####.# #
#.......#
#..##.##.####.#
#....{@..# #.#
##....#..# #.#
#............#
#.###.##.######
. #. ..# ## ###


There were no monsters in sight!

Vanquished Creatures
  Grinder (D:5)
  Sigmund (D:5)
  Menkaure (D:4)
  A necrophage (D:4)
  A phantom (D:4)
  A scorpion (D:5)
  A howler monkey (D:6)
  2 bullfrog zombies (D:5)
  A gnoll shaman (D:5)
  Natasha (thrice) (D:4)
  An iguana (D:6)
  An orc wizard (D:5)
  A hound zombie (D:5)
  7 gnolls
  A river rat (D:3)
  8 adders
  A white imp (D:6)
  An adder skeleton (D:4)
  4 worms
  A dart slug (D:2)
  18 orcs
  3 ball pythons
  6 bats
  10 endoplasms
  6 giant cockroaches
  6 goblins
  9 hobgoblins
  5 quokkas
  5 frilled lizards
  2 kobolds
  4 rats
113 creatures vanquished.

Vanquished Creatures (others)
  2 plants (D:4)
2 creatures vanquished.

Grand Total: 115 creatures vanquished

Notes
Turn   | Place    | Note
-------+----------+-------------------------------------------
     0 | D:1      | bande the Gargoyle Fighter began the quest for the Orb.
     0 | D:1      | Reached XP level 1. HP: 14/14 MP: 1/1
   436 | D:1      | Reached XP level 2. HP: 19/19 MP: 2/2
   779 | D:1      | Found a faded altar of an unknown god.
   879 | D:1      | Reached skill level 2 in Axes
  1122 | D:1      | Reached XP level 3. HP: 23/23 MP: 3/3
  1216 | D:1      | Reached skill level 1 in Polearms
  2419 | D:3      | Reached XP level 4. HP: 17/28 MP: 4/4
  2879 | D:3      | Reached skill level 3 in Axes
  3170 | D:3      | Reached XP level 5. HP: 22/33 MP: 5/5
  3835 | D:4      | Noticed a phantom
  3853 | D:4      | Killed a phantom
  3854 | D:4      | Reached skill level 4 in Axes
  3854 | D:4      | Reached XP level 6. HP: 15/38 MP: 6/6
  4252 | D:4      | Noticed Natasha
  4282 | D:4      | Killed Natasha
  4290 | D:4      | Noticed Natasha
  4297 | D:4      | Killed Natasha
  4353 | D:4      | Noticed Natasha
  4359 | D:4      | Killed Natasha
  4577 | D:4      | Noticed a necrophage
  4585 | D:4      | Killed a necrophage
  4631 | D:4      | Found Walule Ysua's Book Boutique.
  4760 | D:4      | Reached XP level 7. HP: 41/43 MP: 7/7
  4825 | D:4      | Identified a scroll of acquirement
  4825 | D:4      | Acquired a +2 vorpal broad axe
  5156 | D:4      | Gained mutation: Your mind is acute. (Int +2) [potion of
                  | mutation]
  5422 | D:4      | Noticed Menkaure
  5428 | D:4      | Killed Menkaure
  5780 | D:5      | Entered Level 5 of the Dungeon
  6067 | D:5      | Noticed Grinder
  6069 | D:5      | Paralysed by Grinder for 2 turns
  6072 | D:5      | Noticed Sigmund
  6076 | D:5      | Paralysed by Grinder for 7 turns
  6086 | D:5      | Killed Grinder
  6087 | D:5      | Reached skill level 5 in Axes
  6087 | D:5      | Reached skill level 5 in Armour
  6087 | D:5      | Reached XP level 8. HP: 26/48 MP: 8/8
  6106 | D:5      | Killed Sigmund
  6621 | D:5      | Found a staircase to the Ecumenical Temple.
  6632 | Temple   | Entered the Ecumenical Temple
  6723 | Temple   | Became a worshipper of Warmaster Okawaru
  7017 | D:5      | Reached skill level 1 in Invocations
  7236 | D:6      | Reached skill level 6 in Axes
  7335 | D:6      | HP: 1/48 [something (9)]
  7335 | D:6      | Slain by an unseen horror

Illustrated notes

Levels and vault maps discovered:
D:1:      pf_arrival_petrified_forest, layout_loops_ring,
          ebering_ecumenical_altar_sacrificial
D:2:      layout_basic
D:3:      layout_basic, portal_sewer_entry_b
D:4:      layout_basic, serial_shops, shop_statue, serial_forest,
          infiniplex_forest_join, infiniplex_forest_lined_3,
          infiniplex_forest_straight_2, infiniplex_forest_clump_tiny,
          infiniplex_forest_end_3, infiniplex_forest_lined_corner,
          infiniplex_forest_lined_1, infiniplex_forest_zigzag_1,
          infiniplex_forest_lined_ring, uniq_menkaure, uniq_natasha
D:5:      layout_loops_ring, minmay_temple_entry_crystal_x, st_stairs_7,
          minivault_11, uniq_grinder, uniq_sigmund
D:6:      wander_river, layout_loops_corners
Temple:   nicolae_temple_the_god_donut

Skill      XL: |  1  2  3  4  5  6  7  8 |
---------------+-------------------------+-----
Axes           | 2 3 4 5 6 |  6.0
Polearms       | 1 2 3 |  3.8
Fighting       | 4 |  4.7
Shields        | 4 |  4.7
Armour         | 4 5 |  5.6
Invocations    | 1 |  1.2
Dodging        | |  0.1
Evocations     | |  0.7

Action                   |  1- 3 |  4- 6 |  7- 9 || total
-------------------------+-------+-------+-------++-------
Melee: War axe           |   102 |   163 |     2 ||   267
       Broad axe         |       |       |    75 ||    75
  Use: Scroll            |     6 |       |    11 ||    17
       Potion            |       |       |     1 ||     1
Armor: Scale mail        |    35 |       |       ||    35
       Chain mail        |    23 |    67 |    60 ||   150
Dodge: Dodged            |    53 |    51 |    11 ||   115
Block: Buckler           |    30 |    91 |    25 ||   146
       Reflection        |       |       |     1 ||     1

Table legend: (Time is in decaauts)
 A = Elapsed time spent in this place.
 B = Non-inter-level travel time spent in this place.
 C = Inter-level travel time spent in this place.
 D = Time resting spent in this place.
 E = Time spent auto-exploring this place.
 F = Levels seen in this place.
 G = Mean time per level.
                   A        B        C        D        E       F      G
               +--------+--------+--------+--------+--------+-----+--------+
         Total |   7498 |   7369 |    129 |   1829 |   4320 |   7 | 1071.1 |
       Dungeon |   7394 |   7276 |    118 |   1829 |   4320 |   6 | 1232.3 |
        Temple |    103 |     92 |     11 |      0 |      0 |   1 |  103.0 |
               +--------+--------+--------+--------+--------+-----+--------+

Top non-repeatable levels by time:
     D:4: 1944 daAuts
     D:3: 1526 daAuts
     D:1: 1365 daAuts
     D:5: 1193 daAuts
     D:2: 1071 daAuts
     D:6: 292 daAuts
  Temple: 103 daAuts
